 Dungeon Crawl Stone Soup version 0.21.1-1-g345015fe64 (webtiles) character file.

688 Freyura the Ducker (level 7, -2/60 HPs)
             Began as a Gnoll Monk on May 11, 2018.
             Slain by Grinder (5 damage)
             ... while paralysed by Grinder
             ... on level 5 of the Dungeon.
             The game lasted 00:12:17 (4073 turns).

Freyura the Ducker (Gnoll Monk)                     Turns: 4073, Time: 00:12:17

Health: -2/60      AC:  8    Str: 13    XL:     7   Next: 63%
Magic:  10/10      EV:  2    Int: 12    God:
Gold:   219        SH:  0    Dex: 20    Spells: 11/11 levels left

rFire    + . .     SeeInvis .   a - +0 falchion
rCold    . . .     Gourm    .   f - +0 buckler
rNeg     . . .     Faith    .   z - +0 ring mail
rPois    .         Spirit   .   (no helmet)
rElec    .         Reflect  .   q - +2 cloak
rCorr    .         Harm     .   (no gloves)
MR       .....                  (no boots)
Stlth    +++.......             (no amulet)
HPRegen  0.20/turn              m - ring of protection from fire
MPRegen  0.12/turn              (no ring)

@: paralysed
A: distributed training, fangs 1, strong nose
a: no special abilities


You were on level 5 of the Dungeon.
You were not hungry.

You visited 2 branches of the dungeon, and saw 6 of its levels.

You collected 219 gold pieces.

Inventory:

Hand Weapons
 a - a +0 falchion (weapon)
 B - a +2 quarterstaff of chaos
 C - a cursed -1 mace
Armour
 b - a +0 robe
 f - a +0 buckler (worn)
 q - a +2 cloak (worn)
 s - a +0 leather armour
 z - a +0 ring mail (worn)
Jewellery
 k - a +3 amulet of reflection {unknown}
 m - a ring of protection from fire (left hand)
 v - a cursed -3 ring of protection {unknown}
 w - an uncursed amulet of regeneration {unknown}
 E - a cursed -2 ring of strength {unknown}
Wands
 A - a wand of polymorph (3)
 D - a wand of random effects (42)
Scrolls
 e - 3 scrolls of remove curse {unknown}
 g - 6 scrolls of identify
 h - a scroll of fear {unknown}
 i - 2 scrolls of fog {unknown}
 n - 3 scrolls of enchant armour {unknown}
 o - a scroll of magic mapping {unknown}
 p - a scroll of blinking {unknown}
 u - 3 scrolls of amnesia {unknown}
 y - a scroll of noise {unknown}
Potions
 d - a potion of might {unknown}
 j - 4 potions of lignification
 l - 2 potions of heal wounds {unknown}
 r - 2 potions of curing {unknown}
 t - a potion of agility {unknown}
 x - 2 potions of flight {unknown}
 F - a potion of berserk rage {unknown}
Comestibles
 c - 6 rations


   Skills:
 + Level 7.1 Fighting
 + Level 2.5 Short Blades
 + Level 7.1 Long Blades
 + Level 2.5 Axes
 + Level 2.5 Maces & Flails
 + Level 2.5 Polearms
 + Level 2.5 Staves
 + Level 2.5 Slings
 + Level 2.5 Bows
 + Level 2.5 Crossbows
 + Level 2.5 Throwing
 + Level 2.5 Armour
 + Level 7.1 Dodging
 + Level 4.9 Stealth
 + Level 2.5 Shields
 + Level 2.5 Unarmed Combat
 + Level 2.5 Spellcasting
 + Level 2.1 Conjurations
 + Level 2.1 Hexes
 + Level 2.1 Charms
 + Level 2.1 Summonings
 + Level 2.1 Necromancy
 + Level 2.1 Translocations
 + Level 2.1 Transmutations
 + Level 2.1 Fire Magic
 + Level 2.1 Ice Magic
 + Level 2.1 Air Magic
 + Level 2.1 Earth Magic
 + Level 2.1 Poison Magic
 + Level 2.8 Invocations
 + Level 2.5 Evocations


You had 11 spell levels left.
You didn't know any spells.

Dungeon Overview and Level Annotations

Branches:
Dungeon (5/15)             Temple (1/1) D:4

Altars:
Cheibriados
Elyvilon
Fedhas
Gozag
Kikubaaqudgha
Makhleb
Nemelex Xobeh
Qazlal
Ru
Sif Muna
Trog
Uskayaw
Wu Jian
Xom
Yredelemnul
The Shining One

Shops:
D:5 (

Annotations:
D:5 Grinder


Innate Abilities, Weirdness & Mutations

Your experience applies equally to all skills.
You have very sharp teeth.
Your uncanny sense of smell can sniff out nearby items.


Message History

Grinder barely misses you.
You hit Grinder but do no damage.
Grinder is moderately wounded.
Grinder gestures at you.
You suddenly lose the ability to move!
Grinder hits you but does no damage. Grinder hits you.
* * * LOW HITPOINT WARNING * * *
You writhe in agony.
* * * LOW HITPOINT WARNING * * *
Grinder gestures at you.
You shrug off the repeated paralysis!
Grinder hits you.
* * * LOW HITPOINT WARNING * * *
You writhe in agony.
* * * LOW HITPOINT WARNING * * *
Grinder hits you.
* * * LOW HITPOINT WARNING * * *
You writhe in agony.
You die...

#..#.......# ∆ .
##.#.#####.# # #.##
#...#####.#
......####.....##.#
#.................#
#..#.#.###.#######
##....#....>#
......#(.####
.......(5@.#
..#......###
.........#
.........)...... ∆
#.#..#....##.### #
#.......# #....#<.#
#.......#
#........#


You could see Grinder.

Vanquished Creatures
  A centaur (D:5)
  A bullfrog (D:5)
  3 howler monkeys
  3 hounds
  A centaur skeleton (D:4)
  An orc wizard (D:3)
  Crazy Yiuf (D:4)
  Natasha (thrice) (D:4)
  A worker ant (D:5)
  7 adders
  2 oozes
  An adder skeleton (D:4)
  A worm (D:2)
  2 dart slugs (D:3)
  2 leopard geckos (D:1)
  4 orcs
  2 ball pythons
  3 bats
  3 giant cockroaches
  11 goblins
  9 hobgoblins
  3 kobolds
  A quokka (D:2)
  A ball python zombie (D:5)
  8 frilled lizards
  10 rats
85 creatures vanquished.

Notes
Turn   | Place    | Note
-------+----------+-------------------------------------------
     0 | D:1      | Freyura the Gnoll Monk began the quest for the Orb.
     0 | D:1      | Reached XP level 1. HP: 23/23 MP: 1/1
   144 | D:1      | Reached XP level 2. HP: 29/29 MP: 2/2
   305 | D:1      | Reached XP level 3. HP: 28/35 MP: 3/3
   771 | D:2      | Reached skill level 1 in Invocations
  1177 | D:2      | Reached skill level 1 in Short Blades
  1177 | D:2      | Reached skill level 1 in Axes
  1177 | D:2      | Reached skill level 1 in Maces & Flails
  1177 | D:2      | Reached skill level 1 in Polearms
  1177 | D:2      | Reached skill level 1 in Staves
  1177 | D:2      | Reached skill level 1 in Slings
  1177 | D:2      | Reached skill level 1 in Bows
  1177 | D:2      | Reached skill level 1 in Crossbows
  1177 | D:2      | Reached skill level 1 in Throwing
  1177 | D:2      | Reached skill level 1 in Armour
  1177 | D:2      | Reached skill level 1 in Shields
  1177 | D:2      | Reached skill level 1 in Unarmed Combat
  1177 | D:2      | Reached skill level 1 in Spellcasting
  1177 | D:2      | Reached skill level 1 in Evocations
  1287 | D:2      | Reached XP level 4. HP: 41/41 MP: 5/5
  1614 | D:3      | Reached skill level 1 in Conjurations
  1614 | D:3      | Reached skill level 1 in Hexes
  1614 | D:3      | Reached skill level 1 in Charms
  1614 | D:3      | Reached skill level 1 in Summonings
  1614 | D:3      | Reached skill level 1 in Necromancy
  1614 | D:3      | Reached skill level 1 in Translocations
  1614 | D:3      | Reached skill level 1 in Transmutations
  1614 | D:3      | Reached skill level 1 in Fire Magic
  1614 | D:3      | Reached skill level 1 in Ice Magic
  1614 | D:3      | Reached skill level 1 in Air Magic
  1614 | D:3      | Reached skill level 1 in Earth Magic
  1614 | D:3      | Reached skill level 1 in Poison Magic
  1687 | D:3      | Reached XP level 5. HP: 23/47 MP: 5/7
  1885 | D:3      | Found a glowing golden altar of the Shining One.
  2705 | D:4      | Found a staircase to the Ecumenical Temple.
  2714 | Temple   | Entered the Ecumenical Temple
  2940 | D:4      | Noticed Natasha
  2948 | D:4      | Killed Natasha
  2993 | D:4      | Found a bloodstained altar of Trog.
  3025 | D:4      | Found a runed door.
  3086 | D:4      | Reached XP level 6. HP: 50/53 MP: 8/8
  3150 | D:4      | Noticed Natasha
  3166 | D:4      | Killed Natasha
  3357 | D:4      | Noticed Natasha
  3537 | D:4      | Noticed Crazy Yiuf
  3552 | D:4      | Killed Crazy Yiuf
  3598 | D:4      | Killed Natasha
  3709 | D:5      | Entered Level 5 of the Dungeon
  3726 | D:5      | Found Pyodoz's Antique Weapon Boutique.
  3796 | D:5      | Noticed Grinder
  3923 | D:5      | Found a sacrificial altar of Ru.
  3945 | D:5      | Reached XP level 7. HP: 52/59 MP: 10/10
  4022 | D:5      | Paralysed by Grinder for 6 turns
  4063 | D:5      | Paralysed by Grinder for 3 turns
  4068 | D:5      | Paralysed by Grinder for 6 turns
  4073 | D:5      | HP: 3/60 [Grinder (5)]
  4073 | D:5      | Slain by Grinder

Skill      XL: |  1  2  3  4  5  6  7 |
---------------+----------------------+-----
Invocations    | 1 2 |  2.8
Short Blades   | 1 2 |  2.5
Axes           | 1 2 |  2.5
Maces & Flails | 1 2 |  2.5
Polearms       | 1 2 |  2.5
Staves         | 1 2 |  2.5
Slings         | 1 2 |  2.5
Bows           | 1 2 |  2.5
Crossbows      | 1 2 |  2.5
Throwing       | 1 2 |  2.5
Armour         | 1 2 |  2.5
Shields        | 1 2 |  2.5
Unarmed Combat | 1 2 |  2.5
Spellcasting   | 1 2 |  2.5
Evocations     | 1 2 |  2.5
Conjurations   | 1 2 |  2.1
Hexes          | 1 2 |  2.1
Charms         | 1 2 |  2.1
Summonings     | 1 2 |  2.1
Necromancy     | 1 2 |  2.1
Translocations | 1 2 |  2.1
Transmutations | 1 2 |  2.1
Fire Magic     | 1 2 |  2.1
Ice Magic      | 1 2 |  2.1
Air Magic      | 1 2 |  2.1
Earth Magic    | 1 2 |  2.1
Poison Magic   | 1 2 |  2.1
Fighting       | 7 |  7.1
Long Blades    | 7 |  7.1
Dodging        | 7 |  7.1
Stealth        | |  4.9

Action                   |  1- 3 |  4- 6 |  7- 9 || total
-------------------------+-------+-------+-------++-------
Melee: Falchion          |   102 |   171 |    51 ||   324
       Bite              |    13 |    25 |     9 ||    47
       Unarmed           |       |    10 |       ||    10
  Use: Scroll            |       |       |     1 ||     1
 Stab: Sleeping          |    11 |    15 |       ||    26
       Distracted        |       |     1 |       ||     1
  Eat: Ration            |     2 |     2 |       ||     4
Armor: Robe              |     5 |       |       ||     5
       Leather armour    |     1 |    14 |       ||    15
       Ring mail         |       |     9 |    20 ||    29
Dodge: Dodged            |    49 |   102 |    41 ||   192
Block: Buckler           |    10 |    30 |    17 ||    57
       Rpst.: Falchion   |    14 |    39 |     8 ||    61
